 Dungeon Crawl Stone Soup version 0.31-a0-981-geadf994542 (webtiles) character file.

Game seed: 18071030395739298516

10239 strifetoe the Mimic (level 11, -5/91 HPs)
             Began as a Djinni Shapeshifter on Nov 2, 2023.
             Was an Elder of Makhleb.
             Slain by a yak (14 damage)
             ... on level 10 of the Dungeon.
             The game lasted 00:26:36 (11874 turns).

strifetoe the Mimic (Djinni Shapeshifter)          Turns: 11874, Time: 00:26:36

Health: -5/91      AC:  9    Str: 22    XL:     11   Next: 89%
Gold:   631        EV: 11    Int: 11    God:    Makhleb [****..] SH:  0 Dex: 14

rFire   . .          .
                       - Unarmed
rCold   . . .        p - melded +0 buckler
rNeg    . . .        b - melded +0 plate armour
rPois   ∞            f - melded +0 helmet
rElec   .            (cloak currently unavailable)
rCorr   +            (gloves currently unavailable)
SInv    .            (boots unavailable)
Will    +....        o - amulet of regeneration
Stlth   ++           g - ring of resist corrosion
HPRegen 0.00/turn    (no ring)
MPRegen 0.00/turn

%: infuse magic (-6 HP)
@: snake-form, flying, inhibited regen
A: constrict, flying, boosted hp, sickness immunity, large, (fire resistance 2),
(cold vulnerability 1), float, innate caster, HP casting, extra vitality 1,
inhibited regeneration
a: Begin Untransformation, Renounce Religion, Minor Destruction, Lesser Servant
of Makhleb, Major Destruction


You were on level 10 of the Dungeon.
You worshipped Makhleb.
Makhleb was greatly pleased with you.
You were an enormous anaconda.
You visited 1 branch of the dungeon, and saw 10 of its levels.

You collected 743 gold pieces.
You spent 112 gold pieces at shops.

Inventory:

Hand Weapons
 a - the +1 whip of Bloodstone {freeze, Drain *Slow rC+ Int+6}
   (You found it on level 10 of the Dungeon)

   Int+6:     It affects your intelligence (+6).
   rC+:       It protects you from cold.
   Drain:     It drains your maximum health when unequipped.
   *Slow:     It may slow you when you take damage.
Armour
 b - a +0 plate armour (melded)
 f - a +0 helmet (melded)
 l - the +4 scale mail of Dawn {rElec Str+5 Dex-4}
   (You found it on level 9 of the Dungeon)

   Str+5:     It affects your strength (+5).
   Dex-4:     It affects your dexterity (-4).
   rElec:     It insulates you from electricity.
 p - a +0 buckler (melded)
Jewellery
 g - a ring of resist corrosion (left hand)
 o - an amulet of regeneration (around neck)
Talismans
 d - a flux talisman
 h - a serpent talisman (active)
Wands
 c - a wand of charming (9)
 s - a wand of flame (25)
Scrolls
 i - 2 scrolls of vulnerability
 j - a scroll of fog
 k - a scroll of noise {unknown}
 m - 2 scrolls of immolation
 q - a scroll of teleportation
 r - a scroll of revelation
Potions
 e - a potion of curing {unknown}
 n - a potion of mutation
 t - a potion of lignification
 u - a potion of attraction


   Skills:
 + Level 6.0 Fighting
 - Level 5.6 Armour
 + Level 4.8 Dodging
 + Level 2.5 Stealth
 - Level 4.0 Shields
 - Level 7.0 Unarmed Combat
 - Level 4.0 Invocations
 - Level 10.8 Shapeshifting


You knew the following spells:

 Your Spells              Type           Power      Damage    Failure   Level
a - Summon Small Mammal   Summ           0%         N/A       34%         1
b - Passwall              Tmut/Erth      0%         N/A       47%         2
c - Jinxbite              Hex            0%         N/A       47%         2
d - Hailstorm             Conj/Ice       0%         3d3       71%         3
e - Arcjolt               Conj/Air       0%         1d10      100%        5
Your spell library was empty.


Dungeon Overview and Level Annotations

Branches:
Dungeon (10/15)            Temple (0/1) D:5            Lair (0/5) D:8
    Orc (0/2) D:9

Altars:
Ashenzari
Gozag
Makhleb
Nemelex Xobeh
Qazlal
Xom
Yredelemnul

Shops:
D:1 [   D:5 (   D:9 (

Annotations:
D:4 2 transporters, hattop's ghost, amateur TrFi
D:5 exclusion: downstairs
D:10 Lodul


Innate Abilities, Weirdness & Mutations

You are an enormous anaconda.
You have a powerful constriction melee attack.
You are flying.
Your maximum health is increased.
Your armour is entirely melded.
You are incapable of wielding weapons or throwing items.
You are immune to sickness and miasma.
You are immune to poison.
((Your flesh is very heat resistant. (rF++)))
((You are vulnerable to cold. (rC-)))
You float through the air rather than walking.
You learn spells naturally, not from books.
Your magical power is your life essence.
You have superior vitality. (+4 MHP)
You do not regenerate when monsters are visible.


Message History

You kill the yak!
Makhleb accepts your kill.
Your Fighting skill increases to level 6!
You lash the yak! You grab the yak.
The yak is moderately wounded.
You constrict the yak, but do no damage.
The yak struggles to escape constriction.
You hit the yak.
The yak is moderately wounded.
You constrict the yak.
The yak escapes!
You hit the yak. You grab the yak.
The yak is lightly wounded.
You constrict the yak, but do no damage.
The yak gores you! The yak misses you.
You lash the yak!
The yak is moderately wounded.
You constrict the yak, but do no damage.
The yak gores you!
* * * LOW HITPOINT WARNING * * *
You release your grip on the yak.
The yak attacks as it pursues you! The yak closely misses you.
Okay, then.
Okay, then.
Okay, then.
A demon appears!
The yak gores you!
* * * LOW HITPOINT WARNING * * *
The yak attacks as it pursues you! The yak completely misses you.
The yak attacks as it pursues you! The yak gores you but does no damage.
Your ynoxinul hits the yak! You hit the yak but do no damage.
Your grab misses the yak.
The yak is heavily wounded.
Your ynoxinul hits the yak. The yak gores your ynoxinul!
Your ynoxinul gestures.
The yak closely misses your ufetubus.
Your ynoxinul hits the yak.
Your ufetubus barely misses the yak.
Your ufetubus hits the yak.
Your ufetubus hits the yak but does no damage.
Your ufetubus hits the yak. The yak gores your ynoxinul.
The yak attacks as it pursues you! The yak gores you!
You die...

.... ....8.8.##....##...#... #..#
####......# ###..###.#.... #..#
##.....#8.8# ###..#....#...
##..###......# #.###.........#...
#...Y.Y.....####...#...###.......
.Y..#..##....#...#...### #.8.8##)
#..#####..#......)#### #......)
##.. ##†####.......#####.....#.
##. #.# #...S.......#......## .#
#†####8Y8..............## ..
###..##....<............## ..
#.....##8Y...............#
......#.....Y5.##)....)...(##
...#.######35###)##...8.##.# ..
#. #[...).#.....##### . #.
#..#......##8# # #..>#......###


You could see 3 yaks, a friendly ynoxinul (summoned) and 2 friendly ufetubi.

Vanquished Creatures
  A two-headed ogre (D:9)
  Maurice (D:8)
  Joseph (D:7)
  A troll (D:10)
  A hornet (D:10)
  Prince Ribbit (D:7)
  A wyvern (D:9)
  13 yaks
  3 steam dragons
  Edmund (D:4)
  A water moccasin (D:8)
  A sky beast (D:5)
  3 orc warriors
  5 black bears
  8 ogres
  A centaur (D:8)
  3 kobold brigands
  5 bullfrogs (D:7)
  5 scorpions
  8 wights
  4 killer bees (D:8)
  2 howler monkeys
  4 orc priests
  2 hounds
  3 jellies
  4 iguanas
  A sleepcap (D:4)
  8 orc wizards
  12 adders
  3 gnolls (D:7)
  A shadow imp (D:5)
  2 ufetubi (D:5)
  A worm (D:3)
  5 dart slugs
  30 orcs
  5 bats
  7 endoplasms
  3 giant cockroaches (D:2)
  3 goblins
  5 hobgoblins
  6 jackals
  9 quokkas
  6 ball pythons
  3 frilled lizards
  25 kobolds
  5 rats
223 creatures vanquished.

Vanquished Creatures (collateral kills)
  A death yak (D:9)
  A hornet (D:9)
  5 yaks
  Menkaure (D:7)
  A black bear (D:7)
  A phantom (D:7)
  A gnoll sergeant (D:7)
  2 gnolls (D:7)
13 creatures vanquished.

Vanquished Creatures (others)
  A yak (D:9)
1 creature vanquished.

Grand Total: 237 creatures vanquished

Notes
Turn   | Place    | Note
-------+----------+-------------------------------------------
     0 | D:1      | strifetoe the Djinni Shapeshifter began the quest for the
                  | Orb.
     0 | D:1      | Reached XP level 1. HP: 17/17 MP: 0/0
    93 | D:1      | Reached XP level 2. HP: 12/22 MP: 0/0
   309 | D:1      | Found Koyra's Antique Armour Boutique.
   681 | D:1      | Reached XP level 3. HP: 27/27 MP: 0/0
   681 | D:1      | Learned a level 1 spell: Summon Small Mammal
   765 | D:2      | Found a burning altar of Makhleb.
   813 | D:2      | Became a worshipper of Makhleb the Destroyer
   861 | D:1      | Reached XP level 4. HP: 15/32 MP: 0/0
  1443 | D:2      | Reached skill level 5 in Unarmed Combat
  1634 | D:3      | Reached * piety under Makhleb
  1730 | D:3      | Reached XP level 5. HP: 28/37 MP: 0/0
  1730 | D:3      | Learned a level 2 spell: Passwall
  2535 | D:4      | Reached XP level 6. HP: 35/42 MP: 0/0
  2737 | D:4      | Found a broken altar of Ashenzari.
  2828 | D:4      | Noticed a black bear
  2953 | D:4      | Reached ** piety under Makhleb
  3003 | D:4      | Noticed Edmund
  3034 | D:5      | Entered Level 5 of the Dungeon
  3034 | D:5      | Noticed a black bear
  3277 | D:4      | Found a transporter.
  3279 | D:4      | Found a transporter.
  3279 | D:4      | Noticed hattop's ghost (amateur TrFi)
  3284 | D:4      | Identified the +11 great mace "Usuxah" {speed, rC+}
  3284 | D:4      | Noticed an ogre
  3355 | D:4      | Reached skill level 1 in Armour
  3408 | D:5      | Reached XP level 7. HP: 43/49 MP: 0/0
  3408 | D:5      | Learned a level 2 spell: Jinxbite
  3732 | D:5      | Reached skill level 3 in Shapeshifting
  3822 | D:5      | Found Ochiwna's Weapon Emporium.
  4144 | D:5      | Found a staircase to the Ecumenical Temple.
  4263 | D:1      | Bought a buckler for 112 gold pieces
  4471 | D:4      | Reached skill level 1 in Shields
  4471 | D:4      | Reached XP level 8. HP: 56/56 MP: 0/0
  4509 | D:4      | Found a burning altar of Makhleb.
  4511 | D:4      | Noticed an Executioner
  4547 | D:4      | Found an opulent altar of Gozag.
  4547 | D:4      | Found a sparkling altar of Nemelex Xobeh.
  4592 | D:4      | Found a burning altar of Makhleb.
  4599 | D:4      | Found a sparkling altar of Nemelex Xobeh.
  4601 | D:4      | Found an opulent altar of Gozag.
  4755 | D:4      | Found a transporter.
  4762 | D:4      | Found a transporter.
  5119 | D:4      | Found a broken altar of Ashenzari.
  5132 | D:4      | Killed Edmund
  5133 | D:4      | Reached skill level 4 in Shapeshifting
  5924 | D:6      | Reached *** piety under Makhleb
  5925 | D:6      | Reached skill level 5 in Shapeshifting
  5925 | D:6      | Reached XP level 9. HP: 33/62 MP: 0/0
  5925 | D:6      | Learned a level 3 spell: Hailstorm
  6626 | D:6      | Reached skill level 6 in Shapeshifting
  6950 | D:7      | Found a stormy altar of Qazlal.
  6951 | D:7      | Found a basalt altar of Yredelemnul.
  6971 | D:7      | Reached skill level 1 in Invocations
  7534 | D:7      | Noticed Menkaure
  7540 | D:7      | Killed Menkaure
  7541 | D:7      | Reached skill level 7 in Shapeshifting
  7541 | D:7      | Reached XP level 10. HP: 11/69 MP: 0/0
  7936 | D:7      | Noticed Prince Ribbit
  7957 | D:7      | Killed Prince Ribbit
  8170 | D:7      | Noticed Joseph
  8176 | D:7      | Gained mutation: You possess an exceptional clarity of
                  | mind. [potion of mutation]
  8176 | D:7      | Lost mutation: You possess an exceptional clarity of mind.
                  | [potion of mutation]
  8176 | D:7      | Gained mutation: You do not regenerate when monsters are
                  | visible. [potion of mutation]
  8184 | D:7      | Killed Joseph
  8185 | D:7      | Reached skill level 5 in Armour
  8557 | D:8      | Noticed Maurice
  8573 | D:8      | Something stole a beast talisman
  8574 | D:8      | Something stole a throwing net
  8583 | D:8      | Something stole a ring of resist corrosion
  8597 | D:8      | Killed Maurice
  8598 | D:8      | Reached skill level 1 in Stealth
  9058 | D:8      | Reached skill level 8 in Shapeshifting
  9429 | D:8      | Found a staircase to the Lair.
 10309 | D:9      | Found Woathruor's Weapon Boutique.
 10309 | D:9      | Found a staircase to the Orcish Mines.
 10562 | D:8      | Reached skill level 9 in Shapeshifting
 10691 | D:9      | Reached XP level 11. HP: 72/74 MP: 0/0
 10691 | D:9      | Learned a level 5 spell: Arcjolt
 10742 | D:9      | Identified the +4 scale mail of Dawn {rElec Str+5 Dex-4}
 10847 | D:9      | Noticed a death yak
 10889 | D:9      | Killed a death yak
 10897 | D:9      | Reached skill level 10 in Shapeshifting
 11083 | D:9      | Noticed a two-headed ogre
 11094 | D:9      | Killed a two-headed ogre
 11261 | D:9      | Found a shimmering altar of Xom.
 11427 | D:9      | Reached skill level 5 in Fighting
 11605 | D:10     | Entered Level 10 of the Dungeon
 11610 | D:10     | Identified the +1 whip of Bloodstone {freeze, Drain *Slow
                  | rC+ Int+6}
 11668 | D:10     | Noticed Lodul
 11688 | D:10     | Reached **** piety under Makhleb
 11874 | D:10     | Slain by a yak

Illustrated notes

Levels and vault maps discovered:
D:1:      lemuel_arrival_river_bridge, layout_loops_ring, serial_shops,
          nicolae_shop_crystal, minivault_19, hangedman_decor_slide_cut
D:2:      layout_rooms, basic_altar
D:3:      layout_loops_ring, chequers_arboretum, minmay_puff
D:4:      layout_basic, grunt_temple_overflow_opulence,
          makhleb_altar_promises_db, mainiacjoe_overflow_alcove_4,
          gammafunk_ghost_smash, uniq_edmund
D:5:      layout_loops_corners, temple_doors_ab, serial_shops,
          nicolae_shop_bloodbath_and_beyond
D:6:      layout_rooms
D:7:      layout_gridville, nicolae_overflow_squiral, st_stairs_12, uniq_joseph,
          uniq_prince_ribbit1, uniq_menkaure
D:8:      layout_loops_corners, lair_entry_dummy, uniq_maurice
D:9:      argonaut_augean_stables, layout_irregular_city,
          mainiacjoe_overflow_catwalk, orc_david_3
D:10:     layout_cave_pools, serial_shops, shop, serial_column_ruins,
          column_ruins_pillar_6, column_ruins_pillar_6, column_ruins_pillar_1,
          column_ruins_pillar_2, column_ruins_pillar_2, column_ruins_pillar_9,
          column_ruins_pillar_3, column_ruins_pillar_1, column_ruins_pillar_2,
          column_ruins_pillar_1, column_ruins_pillar_9, column_ruins_pillar_6,
          lightli_church_of_beogh, uniq_lodul

Skill      XL: |  1  2  3  4  5  6  7  8  9 10 11 |
---------------+----------------------------------+-----
Unarmed Combat | 4 5 6 7 |  7.0
Armour         | 1 2 4 5 |  5.6
Fighting       | 2 3 4 6 |  6.0
Shapeshifting  | 3 5 7 9 10 | 10.8
Shields        | 1 3 4 |  4.0
Invocations    | 2 4 |  4.0
Stealth        | 2 |  2.5
Dodging        | 4 |  4.8

Action                     |  1- 3 |  4- 6 |  7- 9 | 10-12 || total
---------------------------+-------+-------+-------+-------++-------
  Melee: Unarmed           |    83 |   207 |   291 |   316 ||   897
         Punch             |       |     4 |     7 |       ||    11
         Constrict         |       |       |       |    30 ||    30
 Invoke: Lesser Servant of |       |       |     3 |     6 ||     9
  Evoke: Wand              |       |       |       |     5 ||     5
    Use: Potion            |     1 |     3 |       |     7 ||    11
         Scroll            |       |     8 |     8 |     1 ||    17
   Stab: Distracted        |       |       |     2 |       ||     2
         Sleeping          |       |       |       |     3 ||     3
 Armour: Animal skin       |    43 |    39 |       |    13 ||    95
         Skin              |    10 |     2 |       |    55 ||    67
         Plate armour      |       |   132 |   358 |   236 ||   726
  Dodge: Dodged            |    61 |    63 |    64 |   126 ||   314
  Block: Buckler           |       |       |    24 |       ||    24
   Form: Beast             |     1 |       |       |       ||     1
         Flux              |       |       |       |     1 ||     1
         Anaconda          |       |       |       |     1 ||     1

Table legend: (Time is in decaauts)
 A = Elapsed time spent in this place.
 B = Non-inter-level travel time spent in this place.
 C = Inter-level travel time spent in this place.
 D = Time resting spent in this place.
 E = Time spent auto-exploring this place.
 F = Levels seen in this place.
 G = Mean time per level.
                   A        B        C        D        E       F      G
               +--------+--------+--------+--------+--------+-----+--------+
         Total |  11770 |  10961 |    809 |   2336 |   5521 |  10 | 1177.0 |
       Dungeon |  11770 |  10961 |    809 |   2336 |   5521 |  10 | 1177.0 |
               +--------+--------+--------+--------+--------+-----+--------+

Top non-repeatable levels by time:
     D:7: 1999 daAuts
     D:5: 1692 daAuts
     D:4: 1566 daAuts
     D:8: 1435 daAuts
     D:3: 1164 daAuts
     D:1: 1118 daAuts
     D:9: 1053 daAuts
     D:6: 852 daAuts
     D:2: 706 daAuts
    D:10: 182 daAuts
